AoeStats
← ale90

Black Forest

509770444Analyzed
4v4 RM · 3d ago on Sep 28, 2026· 38m 24s· 8 players
Game mode
Random Map
Map size
Large (8 player)
Population
200
Speed
Normal
Resources
Standard
Victory
Conquest
Starting age
Dark Age
Ending age
Imperial Age
RankedLock teamsTeams togetherTeam positionsShared explorationLock speedFull tech treeHidden civsTurbo modeCheats
Victory
Defeat
🇸🇻 Goths · El Salvador
1371
+3
🇵🇪 Bohemians · Peru
914
+16
🇫🇷 Khmer · France
792
+20
🇦🇷 Sicilians · Argentina
661
+25
🇬🇧 Ethiopians · United Kingdom
992
-46
🇬🇧 Burgundians · United Kingdom
967
-18
🇦🇷 Dravidians · Argentina
885
-14
🇨🇦 Varangians · Canada
871
-13
DK
11:32 Feudal Age
17:55 Castle Age
16:30 Double-Bit Axe
16:31 Horse Collar
18:16 Fletching
22:37 Fervor
23:12 Bow Saw
23:52 Heavy Plow
23:58 Bodkin Arrow
25:28 Sanctity
26:59 Wheelbarrow
27:41 Scale Mail Armor
27:52 Forging
28:57 Hand Cart
30:31 Padded Archer Armor
34:14 Imperial Age
32:53 Chemistry
32:15 Ballistics
32:25 Wagenburg Tactics
34:52 Caravan
35:09 Guilds
35:19 Siege Engineers
36:25 Two-Man Saw
36:04 Conscription
36:28 Houfnice
Trimetroprim
0:26 Loom
11:13 Feudal Age
11:24 Man-at-Arms
20:09 Double-Bit Axe
20:07 Horse Collar
24:23 Castle Age
24:14 Scale Mail Armor
24:25 Forging
24:22 Fletching
25:08 Long Swordsman
26:05 Chain Mail Armor
25:16 Crossbowman
26:36 Bow Saw
26:46 Squires
27:35 Padded Archer Armor
27:38 Bodkin Arrow
28:31 Iron Casting
29:09 Elite Skirmisher
29:51 Padded Archer Armor
32:51 Leather Archer Armor
34:50 Anarchy
35:38 Wheelbarrow
34:51 Town Watch
ale90
2:25 Loom
12:12 Feudal Age
14:34 Town Watch
17:04 Double-Bit Axe
21:30 Wheelbarrow
20:43 Horse Collar
23:01 Arson
28:51 Castle Age
27:17 Man-at-Arms
28:18 Forging
28:09 Scale Mail Armor
28:24 Gold Mining
29:55 Bow Saw
30:38 Fishing Lines
31:08 Gambesons
31:28 Squires
33:10 Gillnets
34:42 Hand Cart
36:29 Long Swordsman
38:15 Town Patrol
jpd17
15:49 Feudal Age
15:54 Man-at-Arms
18:53 Gold Mining
19:00 Double-Bit Axe
22:25 Castle Age
21:38 Bloodlines
21:28 Horse Collar
21:40 Stone Mining
23:25 Scale Barding Armor
23:25 Husbandry
24:32 Wheelbarrow
24:07 Heavy Plow
25:05 Chain Barding Armor
27:42 Fletching
28:06 Forging
28:13 Forging
30:39 Iron Casting
30:16 Bow Saw
31:32 Scale Mail Armor
31:50 Hand Cart
34:31 Chain Mail Armor
35:11 Stone Shaft Mining
35:50 Gold Shaft Mining
34:40 Elite Skirmisher
35:51 Fletching
37:31 Bodkin Arrow
38:21 Town Watch
39:23 Ballistics
Noob_BoT
1:14 Loom
12:27 Feudal Age
13:57 Double-Bit Axe
18:38 Horse Collar
25:03 Castle Age
23:12 Scale Mail Armor
23:37 Man-at-Arms
24:18 Gold Mining
26:47 Heavy Plow
28:36 Bow Saw
29:46 Wheelbarrow
29:03 Stone Mining
30:09 Squires
29:32 Crossbowman
30:06 Fletching
37:12 Hand Cart
Godfrey The Templar Knight
3:06 Loom
17:00 Feudal Age
Mithranqueer
8:52 Loom
12:48 Feudal Age
vloker1
10:43 Loom
12:29 Feudal Age
12:58 Double-Bit Axe
12:54 Horse Collar
18:33 Castle Age
17:59 Padded Archer Armor
17:49 Fletching
19:26 Bow Saw
19:18 Heavy Plow
20:15 Leather Archer Armor
19:55 Bodkin Arrow
20:44 Fishing Lines
24:52 Bodkin Arrow
25:37 Thumb Ring
Connection lost

Rejoining the realm…

Still unreachable

The connection could not be restored.

Session expired

The server has moved on; the page needs a fresh start.